← All builds
Suicide front / Armada / Factory first / OBSERVED BUILD

Standard suicide front

Armada Suicide front build order · Supreme Isthmus

The role's baseline: Bot Lab at 0:21 then straight into reclaim-fed T1 bot production to contest the middle and hold until T2 arrives, with an Advanced Metal Extractor around 9:45.

#rush · 2170 distinct matches · 250 players · 72% of Armada Suicide front games · team won 58% of 2554 · Recently observed

HOW TO PLAY IT

Key timing: Bot Lab by 0:20

  1. Open with mex and lab-first to get Bot Lab up by 0:20.
  2. Expand mex and wind while lab pumps units toward middle.
  3. Push Sentry and early Rocketeer, Centurion to contest middle.
  4. Get T2 constructor out once Pond's boost lets you spare metal.
  5. Upgrade mex to Advanced Metal Extractor as you transition off T1 spam.

Phase by phase

TYPICAL OF ITS 2170 GAMES
  1. 1
  2. 2
  3. 3
PLAY THE OPENING

Follow the example game's first 6:00 step by step: what to build now, what comes next, and where it goes. At 1× it keeps pace with your own game.

  1. 1

    Bot Lab first

    Order
    1. Bot LabBot Lab done ~0:26, middle half 0:20–0:33

    Some games also: mex (46%)

  2. 2

    Bot Lab to 5:00

    Economy
    • Metal Extractor5Mex
    • Wind Turbine4Wind
    Builders
    • Construction Bot3 Con bot
    • Lazarus2 Lazarus
    Army
    • Sentry4 Sentry
    • Rocketeer16 Rocketeer
    • Tick2 Tick
    • Centurion1 Centurion
    Other
    • Radar Tower1 Radar Tower

    Some games also: pawn (39%) · con turret (34%)

    By 5:00 in all: 5 mex · 4 wind

    The example game in this phase · 34 steps
    1. LazarusLazarus
    2. Construction BotCon bot ×2
    3. Mex
    4. Construction BotCon bot
    5. PawnPawn
    6. CenturionCenturion
    7. SentrySentry
    8. MaceMace
    9. SentrySentry
    10. BeamerBeamer
    11. Mex ×2
    12. Radar TowerRadar Tower
    13. Mex
    14. MaceMace
    15. Wind
    16. RocketeerRocketeer ×2
    17. Sneaky PeteSneaky Pete
    18. Wind
    19. RocketeerRocketeer ×2
    20. Wind
    21. RocketeerRocketeer ×3
    22. Wind
    23. RocketeerRocketeer
    24. Wind ×2
    25. RocketeerRocketeer
    26. Wind
    27. RocketeerRocketeer
    28. SentrySentry
    29. Wind
    30. BeamerBeamer
    31. RocketeerRocketeer
    32. Wind
    33. CenturionCenturion
    34. Wind
  3. 3

    5:00 to 10:00

    Economy
    • Metal Extractor1Mex
    • Wind Turbine15Wind
    Builders
    • Construction Turret2 Con turret
    • Lazarus2 Lazarus
    • Construction Bot1 Con bot
    Army
    • Sentry1 Sentry
    • Rocketeer8 Rocketeer

    Some games also: pawn (48%) · Radar Tower (46%) · centurion (43%) · tick (43%) · energy storage (42%) · eat Bot Lab (31%)

    By 10:00 in all: 6 mex · 21 wind · 1 energy storage · 2 con turret

    The example game in this phase · 130 steps
    1. SentrySentry
    2. Wind
    3. SentrySentry
    4. Wind
    5. CenturionCenturion
    6. Con turret
    7. Wind ×2
    8. RocketeerRocketeer
    9. Wind
    10. LazarusLazarus
    11. Con turret
    12. Wind
    13. GauntletGauntletdone 6:53
    14. LazarusLazarus
    15. Wind
    16. Con turret
    17. Wind
    18. LazarusLazarus
    19. Wind
    20. RocketeerRocketeer ×2
    21. Wind
    22. RocketeerRocketeer
    23. Wind
    24. RocketeerRocketeer
    25. Vehicle PlantVehicle Plantdone 8:13
    26. Wind
    27. Advanced Metal ExtractorT2 mexdone 9:20 · typical 9:48
    28. Wind
    29. Radar TowerRadar Tower
    30. Wind
    31. Con turret
    32. NettleNettle
    33. Wind ×4
    34. Mex
    35. Wind
    36. SentrySentry
    37. Wind
    38. SentrySentry
    39. Construction VehicleCon vehicle
    40. Wind
    41. Con turret
    42. Wind ×2
    43. Con turret
    44. Mex
    45. Wind
    46. Con turret
    47. Advanced Vehicle PlantAdvanced Vehicle Plantdone 11:09
    48. CenturionCenturion
    49. Wind
    50. Advanced Metal ExtractorT2 mex
    51. Wind
    52. Con turret
    53. NettleNettle
    54. Vehicle PlantEat Vehicle Plantreclaimed for its metal
    55. Radar TowerRadar Tower
    56. Wind
    57. NettleNettle
    58. Wind
    59. NettleNettle
    60. Wind ×2
    61. Advanced Metal ExtractorT2 mex
    62. Wind ×4
    63. SentrySentry
    64. CenturionCenturion
    65. Wind
    66. StarlightStarlightdone 11:48
    67. Wind ×6
    68. Advanced Metal ExtractorT2 mex
    69. Wind ×2
    70. CenturionCenturion
    71. Wind ×2
    72. Advanced Construction VehicleT2 con vehicle
    73. Wind ×3
    74. GremlinStealth tankfor Front
    75. Wind
    76. CenturionCenturion
    77. Wind
    78. Advanced Metal ExtractorT2 mex
    79. LazarusLazarus ×2
    80. Fusion ReactorFusiondone 14:20
    81. TickTick
    82. GremlinStealth tankfor Front
    83. RattlesnakeRattlesnakedone 13:16
    84. TickTick ×2
    85. Wind
    86. TickTick
    87. GremlinStealth tankfor Front
    88. TickTick ×3
    89. Converter
    90. TickTick
    91. Wind
    92. GremlinStealth tankfor Front
    93. Converter
    94. Wind
    95. TickTick
    96. GremlinStealth tankfor Front
    97. TickTick
    98. VeilVeil
    99. TickTick ×2
    100. GremlinStealth tankfor Front
    101. TickTick ×4
    102. Wind
    103. TickTick
    104. StarlightStarlight
    105. TickTick ×3
    106. CenturionCenturion
    107. Converter
    108. Wind
    109. CenturionCenturion ×2
    110. Wind
    111. Converter
    112. Wind
    113. LazarusLazarus
    114. CitadelAnti-nukenot finished by 15:00
    115. Converter
    116. LazarusLazarus
    117. Wind
    118. TickTick
    119. Con turret
    120. TickTick ×3
    121. T2 converter
    122. TickTick ×2
    123. Converter
    124. JaguarJaguar
    125. Con turret
    126. TickTick
    127. TurtleTurtlenot finished by 15:00
    128. TickTick ×3
    129. Con turret
    130. TickTick

Counts are medians over the build's games: half of them build more, half fewer. The example game is transientfocus1's (33 OS, 23/08/2026); pick another.

Team trades

IN AT LEAST 30% OF ITS GAMES

You hand over

Nothing regular.

You get

  • Tidal Generator4 Tidal from Pondfirst at 0:11 · in 68% of games
  • Advanced Construction Bot1 T2 con bot from Geo or Techfirst at 7:44 · in 57% of games

How it plays out

Typical game of this build, running totals by minute

Metal produced

010k20k
0:005:0010:0015:00

metal

Enemy metal destroyed

05k10k
0:005:0010:0015:00

metal

Own metal lost

05k10k
0:005:0010:0015:00

metal

2554 games.

Show as table
ByMetal produced: This buildEnemy metal destroyed: This buildOwn metal lost: This build
1:0023000
2:0088700
3:002005191130
4:003107645505
5:0041861353992
6:00535021941688
7:00654530602565
8:00774939383460
9:00902647064349
10:001037253195134
11:001183958725911
12:001352064276643
13:001533668897408
14:001722575128186
15:001916181368968
WHAT THE NUMBERS SAY

Standard Suicide front play wins a bit over half its games while taking the heaviest own losses of any role by 15:00.

  • + Produces 20142 metal by 15:00, highest of the front roles.
  • + First kill by 2:01 in all games, fastest contest of middle.
  • − Own metal lost hits 9178 by 15:00, more than enemy metal destroyed.
  • − Only 34% Rocketeer share shows army spread thin across many bot types.
THE EXAMPLE YOU ARE READING

transientfocus1

33.4 OS · 23/08/2026

Open source match ↗

5 received units · includes a constructor
92 metal received · 30259 energy received

Allied construction assistance is unknown. Timings are observations, not a promise of solo reproducibility.

Typical milestones

Bot Lab0:26Middle 50%: 0:20–0:33 · n=2546
Advanced Metal Extractor9:48Middle 50%: 8:51–11:00 · n=1830

Played most by

_X_264games of this buildPlatinumBlonde188games of this buildXad165games of this buildTrapCaT111games of this buildImmort80games of this build